 Dungeon Crawl Stone Soup version 0.28.0-53-g5a82cb258f (webtiles) character file.

Game seed: 3608437114627456453

1287 MiltankisOP the Ducker (level 8, -1/61 HPs)
             Began as an Octopode Monk on July 14, 2022.
             Was a Believer of Cheibriados.
             Slain by a phantom (7 damage)
             ... on level 5 of the Dungeon.
             The game lasted 00:08:49 (6886 turns).

MiltankisOP the Ducker (Octopode Monk)              Turns: 6886, Time: 00:08:50

Health: -1/61      AC:  1    Str: 15    XL:     8   Next: 55%
Magic:  8/8        EV: 18    Int: 16    God:    Cheibriados [**....]
Gold:   273        SH:  0    Dex: 20    Spells: 7/7 levels left

rFire   . . .      SeeInvis .     - Unarmed
rCold   . . .      Faith    .   (no shield)
rNeg    . . .      Spirit   .   (helmet restricted)
rPois   .          Reflect  .   (no amulet)
rElec   .          Harm     .   (no ring)
rCorr   .          Rampage  .   (no ring)
Will    .....                   (no ring)
Stlth   +++.......              (no ring)
HPRegen 0.20/turn               (no ring)
MPRegen 0.11/turn               (no ring)
                                (no ring)
                                (no ring)

@: mighty, very slow
A: almost no armour, amphibious, 8 rings, camouflage 1, gelatinous body 1,
(nimble swimmer 1), tentacles
a: Renounce Religion, Bend Time


You were on level 5 of the Dungeon.
You worshipped Cheibriados.
Cheibriados was pleased with you.
You visited 1 branch of the dungeon, and saw 5 of its levels.

You collected 273 gold pieces.

Inventory:

Missiles
 b - a throwing net (quivered)
Wands
 l - a wand of acid (5)
Scrolls
 a - 3 scrolls of identify
 e - a scroll of teleportation
 g - 2 scrolls of blinking {unknown}
 i - a scroll of enchant weapon {unknown}
 k - a scroll of fear {unknown}
Potions
 c - a potion of degeneration
 d - a potion of flight {unknown}
 f - a potion of brilliance
 h - a potion of might


   Skills:
 + Level 7.7 Fighting
 + Level 7.8 Dodging
 - Level 2.6 Stealth
 - Level 3.0 Unarmed Combat


You had 7 spell levels left.
You didn't know any spells.
Your spell library contained the following spells:

 Spells                   Type           Power      Damage    Failure   Level
 Gell's Gravitas          Tloc           0%         N/A       58%         3
 Teleport Other           Tloc           0%         N/A       58%         3
 Petrify                  Tmut/Erth      0%         N/A       94%         4
 Metabolic Englaciation   Hex/Ice        0%         N/A       100%        5
 Dispersal                Tloc           0%         N/A       100%        6
 Statue Form              Tmut/Erth      0%         N/A       100%        6


Dungeon Overview and Level Annotations

Branches:
Dungeon (5/15)
 Temple: D:4-7

Altars:
Cheibriados
Gozag
Trog
Uskayaw
Zin
The Shining One


Innate Abilities, Weirdness & Mutations

You cannot wear most types of armour.
You are amphibious.
You can wear up to eight rings at the same time.
Your skin changes colour to match your surroundings (Stealth+).
Your rubbery body absorbs attacks. (AC +1, EV +1)
((You are camouflaged when in or above water. (Stealth+)))
You have tentacles for arms and can constrict up to eight enemies at once.


Message History

The jackal is severely wounded.
You constrict the jackal.
You kill the jackal!
Cheibriados appreciates the change of pace.
You feel sick.
You feel sick.
You feel sick.
You feel sick.
You tentacle-slap the phantom but do no damage.
You feel sick.
You tentacle-slap the phantom.
You squeeze the phantom, but do no damage.
The phantom is lightly damaged.
The phantom hits you!
The phantom blinks!
You blink.
You tentacle-slap the phantom but do no damage.
The phantom is lightly damaged.
You feel sick.
You are no longer poisoned.
The phantom hits you.
* * * LOW HITPOINT WARNING * * *
You feel very mighty all of a sudden. The phantom closely misses you.
You bludgeon the phantom!
The phantom is severely damaged.
The phantom hits you!
* * * LOW HITPOINT WARNING * * *
The phantom blinks!
You blink.
You miss the phantom.
The phantom is severely damaged.
The phantom barely misses you.
You completely miss the phantom.
The phantom is severely damaged.
The phantom misses you.
You miss the phantom.
The phantom is severely damaged.
The phantom misses you.
You closely miss the phantom.
The phantom is severely damaged.
The phantom hits you!
You die...

..##........# ..
............# #.##
#...........# ##.. ##
............###..##.#
#...........#.§..#..###
......................#
.......†..†....#......#
............####......##
..............##@.......
....#........##..W..##..
....#..................#
.............####....###
............## ##..#
..........# ..# . .. ..#


You could see a phantom.

Vanquished Creatures
  Menkaure (D:5)
  2 water moccasins (D:5)
  2 necrophages
  2 scorpions (D:4)
  A water moccasin zombie (D:5)
  A howler monkey (D:5)
  A jelly (D:4)
  2 orc priests (D:4)
  A bullfrog skeleton (D:4)
  Ijyb (D:5)
  A gnoll shaman (D:4)
  4 iguanas
  An orc wizard (D:4)
  Robin (D:3)
  8 adders
  6 gnolls (D:4)
  2 worms (D:2)
  3 dart slugs
  17 orcs
  7 ball pythons
  10 endoplasms
  7 giant cockroaches
  19 goblins
  7 hobgoblins
  11 jackals
  4 quokkas
  3 bats
  2 frilled lizards (D:1)
  7 kobolds
  6 rats
140 creatures vanquished.

Vanquished Creatures (others)
  9 plants (D:4)
9 creatures vanquished.

Grand Total: 149 creatures vanquished

Notes
Turn   | Place    | Note
-------+----------+-------------------------------------------
     0 | D:1      | MiltankisOP the Octopode Monk began the quest for the Orb.
     0 | D:1      | Reached XP level 1. HP: 16/16 MP: 1/1
   207 | D:1      | Reached XP level 2. HP: 18/21 MP: 2/2
   394 | D:1      | Reached XP level 3. HP: 8/26 MP: 3/3
   853 | D:1      | Found a faded altar of an unknown god.
  1677 | D:2      | Reached XP level 4. HP: 33/33 MP: 4/4
  2235 | D:3      | Found a glowing silver altar of Zin.
  2315 | D:3      | Noticed Robin
  2321 | D:3      | Killed Robin
  2348 | D:3      | Reached XP level 5. HP: 21/38 MP: 5/5
  2721 | D:3      | Noticed a necrophage
  2734 | D:3      | Killed a necrophage
  2735 | D:3      | Reached skill level 5 in Fighting
  2735 | D:3      | Reached skill level 5 in Dodging
  2735 | D:3      | Reached XP level 6. HP: 20/45 MP: 6/6
  3495 | D:3      | Found a hide-covered altar of Uskayaw.
  3495 | D:3      | Found an opulent altar of Gozag.
  3696 | D:4      | Found a bloodstained altar of Trog.
  4117 | D:4      | HP: 2/45 [poisoned by a scorpion]
  4444 | D:4      | Reached XP level 7. HP: 16/51 MP: 7/7
  6344 | D:5      | Entered Level 5 of the Dungeon
  6344 | D:5      | Noticed Ijyb
  6351 | D:5      | Killed Ijyb
  6373 | D:5      | Found a snail-covered altar of Cheibriados.
  6380 | D:5      | Found a glowing golden altar of the Shining One.
  6382 | D:5      | Became a worshipper of Cheibriados the Contemplative
  6382 | D:5      | Reached * piety under Cheibriados
  6382 | D:5      | Reached ** piety under Cheibriados
  6473 | D:5      | Reached XP level 8. HP: 43/60 MP: 8/8
  6570 | D:5      | Noticed Menkaure
  6582 | D:5      | Killed Menkaure
  6886 | D:5      | Slain by a phantom

Illustrated notes

Levels and vault maps discovered:
D:1:      eino_arrival_cavern_c, layout_loops_cross,
          chequers_ecumenical_altar_simple_redux, st_stairs_12
D:2:      layout_basic, eino_tiny_chamber, minmay_pentomino_x2
D:3:      layout_rooms, zin_academy, mainiacjoe_overflow_large_starburst,
          portal_sewer_entry_f, minmay_fractal_squares_gapless_5, uniq_robin
D:4:      layout_cave_pods, mainiacjoe_overflow_alcove_4
D:5:      layout_cave_pools, old_standard_altar, grunt_temple_overflow_open,
          uniq_menkaure, uniq_ijyb

Skill      XL: |  1  2  3  4  5  6  7 |
---------------+----------------------+-----
Fighting       | 4 5 7 |  7.7
Dodging        | 4 5 7 |  7.8
Stealth        | |  2.6
Unarmed Combat | |  3.0

Action                   |  1- 3 |  4- 6 |  7- 9 || total
-------------------------+-------+-------+-------++-------
Melee: Unarmed           |    87 |   151 |   121 ||   359
       Constrict         |    23 |    49 |    31 ||   103
       Tentacles         |    10 |    48 |    44 ||   102
       Punch             |     3 |     9 |     9 ||    21
  Use: Scroll            |       |     5 |       ||     5
       Potion            |       |     3 |     3 ||     6
 Stab: Sleeping          |     7 |     7 |     4 ||    18
       Distracted        |       |       |     1 ||     1
Armor: Skin              |     5 |     2 |     3 ||    10
Dodge: Dodged            |    55 |    84 |    68 ||   207
